 Dungeon Crawl Stone Soup version 0.29-a0-43-g62a80824bf (webtiles) character file.

Game seed: 10977792042741135005

197 crazypyro the Skirmisher (level 5, -1/42 HPs)
             Began as a Demonspawn Fighter on Feb 2, 2022.
             Was a Believer of Sif Muna.
             Slain by a gnoll (5 damage)
             ... on level 3 of the Dungeon.
             The game lasted 00:02:01 (1981 turns).

crazypyro the Skirmisher (Demonspawn Fighter)       Turns: 1981, Time: 00:02:01

Health: -1/42      AC:  6    Str: 16    XL:     5   Next: 46%
Magic:  7/7        EV: 10    Int: 12    God:    Sif Muna [**....]
Gold:   132        SH:  4    Dex: 12    Spells: 7/7 levels left

rFire   . . .      SeeInvis .   a - +0 long sword
rCold   . . .      Faith    .   c - +0 buckler
rNeg    . . .      Spirit   .   b - +0 scale mail
rPois   .          Reflect  .   (no helmet)
rElec   .          Harm     .   (no cloak)
rCorr   .          Rampage  .   (no gloves)
Will    .....                   (no boots)
Stlth   ..........              (no amulet)
HPRegen 0.14/turn               (no ring)
MPRegen 0.10/turn               (no ring)

@: mighty
A: repulsion field 1, weakness stinger 2
a: Renounce Religion, Channel Magic


You were on level 3 of the Dungeon.
You worshipped Sif Muna.
Sif Muna was pleased with you.
You visited 1 branch of the dungeon, and saw 3 of its levels.

You collected 132 gold pieces.

Inventory:

Hand Weapons
 a - a +0 long sword (weapon)
Armour
 b - a +0 scale mail (worn)
 c - a +0 buckler (worn)
Magical Staves
 f - a staff of death
Wands
 i - a wand of paralysis (6)
Scrolls
 h - a scroll of vulnerability {unknown}
Potions
 e - a potion of lignification {unknown}
 g - a potion of heal wounds {unknown}


   Skills:
 + Level 3.7 Fighting
 - Level 1.9 Long Blades
 * Level 2.4 Staves
 + Level 3.3 Armour
 + Level 3.3 Shields
 + Level 1.5 Spellcasting


You had 7 spell levels left.
You didn't know any spells.
Your spell library was empty.

Dungeon Overview and Level Annotations

Branches:
Dungeon (3/15)

Altars:
Elyvilon
Sif Muna


Innate Abilities, Weirdness & Mutations

You are surrounded by a mild repulsion field. (EV +2)
You have a tail ending in a sharp stinger.


Message History

Found a stone staircase leading down.
The gnoll shouts! x2
There are monsters nearby!
A gnoll comes into view. It is wielding a +0 flail.
The gnoll shouts!
You hear an angry hiss.
The gnoll hits you with a +0 whip.
You hit the gnoll.
The gnoll is lightly wounded.
You block the gnoll's attack. The gnoll hits you with a +0 whip.
The gnoll hits you from afar with a +0 spear.
You hit the gnoll.
The gnoll is heavily wounded.
The gnoll misses you.
The gnoll hits you from afar with a +0 spear!
You hit the gnoll. You tail-slap the gnoll.
The gnoll is almost dead.
The gnoll hits you with a +0 whip.
The gnoll hits you but does no damage. x2
You slash the gnoll!
The gnoll is heavily wounded.
A frilled lizard comes into view.
The gnoll closely misses you. The gnoll hits you but does no damage.
You barely miss the gnoll.
The gnoll is heavily wounded.
The gnoll hits you with a +0 flail.
The gnoll hits you from afar with a +0 spear.
You hit the gnoll but do no damage.
The gnoll is heavily wounded.
The gnoll hits you with a +0 flail.
* * * LOW HITPOINT WARNING * * *
The gnoll hits you from afar with a +0 spear.
* * * LOW HITPOINT WARNING * * *
You feel very mighty all of a sudden. The gnoll closely misses you.
The gnoll hits you but does no damage.
You hit the gnoll.
Your tail-slap misses the gnoll.
The gnoll is severely wounded.
The gnoll hits you from afar with a +0 spear.
* * * LOW HITPOINT WARNING * * *
The gnoll barely misses you.
The gnoll hits you from afar with a +0 spear.
You die...

. .## #..... .....
#.##.. .....
#.##.# #.....
#gl... .....
#g##.##...###
####.##.........
#..g@##.........
#...............
#.....##........
#.....##.........
#.....##..........
########..........
#..........
#######..........
.................
#


You could see 3 gnolls and a frilled lizard.

Vanquished Creatures
  Pargi (D:3)
  A centaur skeleton (D:3)
  Natasha (D:2)
  4 dart slugs (D:1)
  4 endoplasms
  2 giant cockroaches
  5 goblins
  4 hobgoblins
  5 kobolds
  A quokka (D:3)
  6 ball pythons
  4 bats
  2 frilled lizards
  2 rats
42 creatures vanquished.

Notes
Turn   | Place    | Note
-------+----------+-------------------------------------------
     0 | D:1      | crazypyro the Demonspawn Fighter began the quest for the
                  | Orb.
     0 | D:1      | Reached XP level 1. HP: 18/18 MP: 1/1
    11 | D:1      | Found a faded altar of an unknown god.
    71 | D:1      | Prayed at the altar of an unknown god.
    71 | D:1      | Became a worshipper of Sif Muna the Loreminder
    71 | D:1      | Reached * piety under Sif Muna
   335 | D:1      | Gained mutation: You are surrounded by a mild repulsion
                  | field. (EV +2) [demonic ancestry]
   335 | D:1      | Reached XP level 2. HP: 24/24 MP: 2/2
   647 | D:1      | Gained mutation: You have a small tail. [demonic ancestry]
   647 | D:1      | Reached XP level 3. HP: 29/29 MP: 3/3
   650 | D:1      | Reached skill level 1 in Staves
   932 | D:2      | Noticed Natasha
   937 | D:2      | Killed Natasha
   938 | D:2      | Reached skill level 1 in Spellcasting
  1308 | D:2      | Reached XP level 4. HP: 31/35 MP: 5/5
  1714 | D:3      | Noticed Pargi
  1731 | D:3      | Killed Pargi
  1731 | D:3      | Reached ** piety under Sif Muna
  1732 | D:3      | Gained mutation: You have a tail ending in a sharp stinger.
                  | [demonic ancestry]
  1732 | D:3      | Reached XP level 5. HP: 21/42 MP: 5/7
  1981 | D:3      | Slain by a gnoll

Illustrated notes

Levels and vault maps discovered:
D:1:      amcnicky_arrival_flooded_fountain, layout_basic,
          chequers_ecumenical_altar_island, minmay_bisected
D:2:      layout_loops_ring, basic_altar, uniq_natasha
D:3:      layout_basic, uniq_ijyb, uniq_pargi

Skill      XL: |  1  2  3  4 |
---------------+-------------+-----
Staves         | 1 2 |  2.4
Armour         | 3 |  3.3
Shields        | 3 |  3.3
Spellcasting   | 1 |  1.5
Fighting       | |  3.7
Long Blades    | |  1.9

Action                   |  1- 3 |  4- 6 || total
-------------------------+-------+-------++-------
Melee: Long sword        |    97 |    45 ||   142
       Tailslap          |     4 |     7 ||    11
  Use: Potion            |       |     1 ||     1
Armor: Scale mail        |    39 |    32 ||    71
Dodge: Dodged            |    53 |    34 ||    87
Block: Buckler           |    14 |    16 ||    30

Table legend: (Time is in decaauts)
 A = Elapsed time spent in this place.
 B = Non-inter-level travel time spent in this place.
 C = Inter-level travel time spent in this place.
 D = Time resting spent in this place.
 E = Time spent auto-exploring this place.
 F = Levels seen in this place.
 G = Mean time per level.
                   A        B        C        D        E       F      G
               +--------+--------+--------+--------+--------+-----+--------+
         Total |   2032 |   1963 |     69 |      0 |   1635 |   3 |  677.3 |
       Dungeon |   2032 |   1963 |     69 |      0 |   1635 |   3 |  677.3 |
               +--------+--------+--------+--------+--------+-----+--------+

Top non-repeatable levels by time:
     D:1: 901 daAuts
     D:2: 760 daAuts
     D:3: 370 daAuts
